 Dungeon Crawl Stone Soup version 0.25-a0-663-gace7076f2c (webtiles) character file.

Game seed: 11432778965138553346, levelgen mode: deterministic

289 Aggronaut the Chopper (level 6, 0/51 HPs)
             Began as a Draconian Fighter on Mar 25, 2020.
             Was a Follower of Cheibriados.
             Slain by a worker ant (4 damage)
             ... on level 3 of the Dungeon.
             The game lasted 00:07:48 (3972 turns).

Aggronaut the Chopper (Draconian Fighter)           Turns: 3972, Time: 00:07:49

Health: 0/51       AC:  6    Str: 22    XL:     6   Next: 9%
Magic:  6/6        EV: 13    Int: 13    God:    Cheibriados [*.....]
Gold:   159        SH:  4    Dex: 13    Spells: 5/5 levels left

rFire    . . .     SeeInvis .   a - +0 war axe
rCold    . . .     Gourm    .   (no shield)
rNeg     . . .     Faith    .   (armour unavailable)
rPois    .         Spirit   .   (helmet restricted)
rElec    .         Reflect  +   (no cloak)
rCorr    .         Harm     .   (no gloves)
MR       .....                  (no boots)
Stlth    +.........             r - +4 amulet of reflection
HPRegen  0.17/turn              (no ring)
MPRegen  0.10/turn              (no ring)

@: lethally poisoned (0 -> -4), very slow
A: unfitting armour, cold-blooded, AC +6
a: Bend Time, Renounce Religion


You were on level 3 of the Dungeon.
You worshipped Cheibriados.
Cheibriados was aware of your devotion.
You were not hungry.

You visited 1 branch of the dungeon, and saw 4 of its levels.
You also visited: Sewer.

You collected 159 gold pieces.

Inventory:

Hand Weapons
 a - a +0 war axe (weapon)
 k - a cursed -3 hunting sling
Missiles
 o - 14 poisoned darts (quivered)
Armour
 b - a +0 kite shield
Jewellery
 r - a +4 amulet of reflection (around neck)
Wands
 m - a wand of iceblast (4)
Scrolls
 e - a scroll of random uselessness {unknown}
 g - 2 scrolls of teleportation {unknown}
 h - 2 scrolls of remove curse
 i - a scroll of magic mapping {unknown}
 j - 4 scrolls of fear {unknown}
 l - 3 scrolls of blinking {unknown}
 n - a scroll of immolation {unknown}
 p - a scroll of enchant weapon {unknown}
 s - a scroll of enchant armour {unknown}
Potions
 c - 2 potions of might
 f - a potion of mutation {unknown}
 q - a potion of flight {unknown}
Comestibles
 d - 4 rations


   Skills:
 - Level 3.3 Fighting
 + Level 6.4 Axes
 - Level 2.7 Dodging
 - Level 3.0 Shields


You had 5 spell levels left.
You didn't know any spells.
Your spell library was empty.

Dungeon Overview and Level Annotations

Branches:
Dungeon (4/15)              Sewer (visited)
 Temple: D:4-7

Altars:
Cheibriados
Yredelemnul


Innate Abilities, Weirdness & Mutations

Your plain brown scales are hard. (AC +6)
You cannot fit into any form of body armour.
You are cold-blooded and may be slowed by cold attacks.


Message History

You hit the worker ant but do no damage.
The worker ant is moderately wounded.
The worker ant closely misses you.
You barely miss the worker ant.
The worker ant is moderately wounded.
You feel sick. The worker ant bites you!
* * * LOW HITPOINT WARNING * * *
The worker ant bites you.
* * * LOW HITPOINT WARNING * * *
You slash the worker ant!
The worker ant is almost dead.
The worker ant bites you.
* * * LOW HITPOINT WARNING * * *
You are lethally poisoned!
The worker ant poisons you!
You closely miss the worker ant.
The worker ant is almost dead.
* * * LOW HITPOINT WARNING * * *
You feel sick. The worker ant bites you.
You die...

##...#
#....................##.
#...#
####.##################.
#...#####.......##### #..
#).........#[.......######
##.#
##...#####..#..#.###......#
#...
............#..#.###......#
#..#
............#..#..........#
#..#
................a.##......#
#.#.
................@###......#
#>.#
.#...#.#####.#.......######
#.## .#..##################
#... .#..# #........# ####
.#รท.####........#### #
..........)......._#
###########
.)#.####........####
#.......... ....#
#........# ####.#########
....############# #....#


You could see a worker ant.

Vanquished Creatures
  Purgy (Sewer)
  A hound (D:3)
  2 adders
  4 gnolls (D:2)
  2 worms
  2 dart slugs (D:2)
  6 leopard geckos
  5 orcs (D:3)
  11 bats
  7 giant cockroaches
  3 goblins
  10 hobgoblins
  2 jackals (Sewer)
  12 kobolds
  A quokka (D:2)
  4 ball pythons
  3 frilled lizards
  2 gnoll zombies (D:3)
  8 rats
86 creatures vanquished.

Notes
Turn   | Place    | Note
-------+----------+-------------------------------------------
     0 | D:1      | Aggronaut the Draconian Fighter began the quest for the
                  | Orb.
     0 | D:1      | Reached XP level 1. HP: 19/19 MP: 1/1
   429 | D:1      | Reached XP level 2. HP: 20/26 MP: 2/2
   453 | D:1      | Reached skill level 3 in Axes
   923 | D:1      | Reached XP level 3. HP: 31/31 MP: 3/3
  1742 | D:2      | Reached skill level 4 in Axes
  2154 | D:2      | Reached XP level 4. HP: 15/38 MP: 4/4
  2782 | D:2      | Reached skill level 5 in Axes
  2903 | D:3      | Found a glowing drain.
  2929 | Sewer    | Entered a sewer
  3092 | Sewer    | Noticed Purgy
  3102 | Sewer    | Killed Purgy
  3102 | Sewer    | Reached skill level 6 in Axes
  3102 | Sewer    | Reached XP level 5. HP: 20/45 MP: 5/5
  3445 | D:3      | Found a faded altar of an unknown god.
  3468 | D:3      | Became a worshipper of Cheibriados the Contemplative
  3468 | D:3      | Reached * piety under Cheibriados
  3662 | D:3      | Reached XP level 6. HP: 41/51 MP: 6/6
  3760 | D:3      | Found a basalt altar of Yredelemnul.
  3972 | D:3      | Slain by a worker ant

Levels and vault maps discovered:
D:1:      minmay_arrival_plants_in_alcoves, layout_loops_ring
D:2:      layout_basic
D:3:      layout_loops_cross, lemuel_zombie_altar_yredelemnul,
          chequers_ecumenical_altar_simple, cheibrodos_sewer_entry_sluice
D:4:      layout_rooms, chequers_serial_rivers_micro_a, uniq_robin

Skill      XL: |  1  2  3  4 |
---------------+-------------+-----
Axes           | 3 4 6 |  6.4
Fighting       | |  3.3
Dodging        | |  2.7
Shields        | |  3.0

Action                   |  1- 3 |  4- 6 || total
-------------------------+-------+-------++-------
Melee: War axe           |   136 |   119 ||   255
       Tailslap          |     8 |    13 ||    21
  Use: Scroll            |       |     3 ||     3
       Potion            |       |     1 ||     1
  Eat: Chunk             |     4 |     5 ||     9
Armor: Skin              |    39 |    36 ||    75
Dodge: Dodged            |   100 |    90 ||   190
Block: Other             |       |    18 ||    18

Table legend:
 A = Non-vault XP
 B = Vault XP
 C = Vault XP percentage of total XP
 D = Non-vault monster count
 E = Vault monster count
 F = Vault count percentage of total count
                 A         B        C        D         E       F
            +---------+---------+-------+---------+---------+-------
      Total |     265 |     149 |  36.0 |      76 |      10 |  11.6
            +---------+---------+-------+---------+---------+-------
        D:1 |      51 |       0 |   0.0 |      29 |       0 |   0.0
        D:2 |     118 |       0 |   0.0 |      28 |       0 |   0.0
        D:3 |      93 |       7 |   7.0 |      18 |       4 |  18.2
        D:4 |       3 |       0 |   0.0 |       1 |       0 |   0.0
      Sewer |       0 |     142 | 100.0 |       0 |       6 | 100.0
            +---------+---------+-------+---------+---------+-------
